 Dungeon Sprint DCSS version 0.21-a0-50-g941c862 (webtiles) character file.

5504 Kidiri the Grappler (level 10, -4/110 HPs)
             Began as a Troll Hunter on June 11, 2017.
             Was a Priest of Wu Jian.
             Slain by a crystal guardian (27 damage)
             ... in the Dungeon (Sprint II: "The Violet Keep of Menkaure").
             The game lasted 00:12:30 (1344 turns).

Kidiri the Grappler (Troll Hunter)                  Turns: 1344, Time: 00:12:31

Health: -4/110     AC: 11    Str: 22    XL:     10   Next: 42%
Magic:  9/9        EV: 15    Int:  7    God:    Wu Jian [***...]
Gold:   202        SH: 17    Dex: 15    Spells: 9/9 levels left

rFire    + . .     SeeInvis +     - Unarmed
rCold    + . .     Gourm    +   n - +4 shield
rNeg     . . .     Faith    .   l - +1 robe {rC+ rF+}
rPois    +         Spirit   .   a - +1 hat {MR+}
rElec    .         Reflect  +   m - +1 cloak {rPois}
rCorr    .         Harm     .   (gloves unavailable)
MR       +....     Rnd*Rage +   (boots unavailable) Stlth +++.......NoTele +
                                j - +4 amulet of reflection
Regen    0.7/turn               o - +2 ring of dexterity
MPRegen  0.2/turn               y - ring of see invisible

@: no status effects
A: unfitting armour, claws 3, icy blue scales 1, berserk 1, fast metabolism 3,
gourmand, regeneration 1, shaggy fur 1, tough skin 2, sturdy frame 1
a: Renounce Religion


You were in the Dungeon.
You worshipped Wu Jian.
Wu Jian was most pleased with you.
You were very full.

You visited 1 branch You collected 1161 gold pieces.
You spent 959 gold pieces at shops.

Inventory:

Missiles
 c - 5 large rocks (quivered)
 p - 2 throwing nets
Armour
 a - a +1 hat of magic resistance (worn)
 l - a +1 robe of resistance (worn)
 m - a +1 cloak of poison resistance (worn)
 n - a +4 shield (worn)
Jewellery
 j - a +4 amulet of reflection (around neck)
 o - a +2 ring of dexterity (left claw)
 y - a ring of see invisible (right claw)
 F - an uncursed ring of fire
Scrolls
 k - a scroll of blinking
 q - 2 scrolls of remove curse
 s - 2 scrolls of magic mapping {unknown}
 B - a scroll of fear {unknown}
 C - a scroll of immolation {unknown}
Potions
 h - 2 potions of haste
 i - 5 potions of magic
 x - 3 potions of resistance
 z - a potion of brilliance
 D - a potion of lignification
 E - 3 potions of flight {unknown}
Comestibles
 f - 5 bread rations
 u - 3 meat rations
 w - a fruit
 A - 2 royal jellies


   Skills:
 * Level 10.0 Fighting
 + Level 8.6 Throwing
 + Level 6.8 Armour
 * Level 10.0 Dodging
 + Level 5.2 Stealth
 + Level 4.3 Shields
 * Level 11.5 Unarmed Combat


You had 9 spell levels left.
You didn't know any spells.

Dungeon Overview and Level Annotations

Branches:
Dungeon (1/1)

Altars:
Cheibriados
Dithmenos
Elyvilon
Fedhas
Gozag
Hepliaklqana
Kikubaaqudgha
Makhleb
Nemelex Xobeh
Okawaru
Qazlal
Ru
Sif Muna
Trog
Uskayaw
Vehumet
Wu Jian
Xom
Yredelemnul
Zin
The Shining One
Beogh
Jiyva
Lugonu

Shops:
D =:![*[(}!!?:[=%=

Annotations:
D exclusions: 13 doors and oklob plant


Innate Abilities, Weirdness & Mutations

You are too large for most types of armour.
You have claws for hands.
Your metabolism is lightning-fast.
You like to eat raw meat.
Your natural rate of healing is unusually fast.
You are covered in fur. (AC +1)
You have very tough skin. (AC +2)
You are partially covered in icy blue scales. (AC +2)
You tend to lose your temper in combat.
Your movements are slightly less encumbered by armour. (ER -2)


Message History

You kill the death drake!
The Council accepts your kill.
Your Fighting skill increases to level 10!
Your Dodging skill increases to level 10!
You spin and attack the crystal guardian.
You scratch the crystal guardian but do no damage.
The crystal guardian fires a crystalline bolt at you.
The crystal bolt misses you.
Unknown command.
You spin and attack the crystal guardian.
You claw the crystal guardian!
The crystal guardian is moderately damaged.
You block the crystal guardian's attack. x2
Unknown command.
You spin and attack the crystal guardian.
You scratch the crystal guardian but do no damage.
The crystal guardian is moderately damaged.
You feel yourself speed up. The crystal guardian hits you!!
You die...

;;;§ .... #§§.▓≈≈≈≈≈≈≈≈▓▓
+++#+++## ... ##|}▓▓▓▓▓▓▓▓▓▓▓
........# .. .#==▓[)....)[▓▓
.##+##..# #. (#|)▓.).....(▓▓
##...##.#### +.##(#=}▓).......▓▓
#..#..# ...# #..(####▓(..[..[.▓▓
##.#.####..## #..##.#▓..(.....▓▓
###+###.##..# +8.#..#▓......([▓▓
.##.###..#..# #@.#.)#▓...[([.)▓▓
)'.<.'.##+..####..##.#▓....(..(▓▓
.##.###..#....###.%.##▓▓▓▓▓▓▓+▓▓▓
###'###.##......≈≈≈≈≈≈≈≈≈≈≈≈≈÷..≈
##.#.####≈≈.....≈#+########+###.≈
#..#..#≈≈≈≈≈≈(..≈#....._._#§≈≈##≈
##.#.##≈≈≈≈≈§≈≈§≈#...._._.#§≈≈§##
≈##+##≈≈≈≈≈≈≈≈≈≈≈#..._._._#§≈§≈§#
≈≈≈≈≈≈≈≈≈≈≈≈≈≈≈≈≈#.._._._.#§§§≈≈§


You could see a crystal guardian.

Vanquished Creatures
  A kraken (D)
  2 death drakes (D)
  A merfolk siren (D)
  A yaktaur (D)
  3 polar bears (D)
  A hornet (D)
  2 tyrant leeches (D)
  A blink frog (D)
  2 swamp drakes (D)
  4 necrophages (D)
  4 crocodiles (D)
  4 worker ants (D)
  3 tentacles (D)
29 creatures vanquished.

Vanquished Creatures (others)
  Menkaure (D)
  A crocodile (D)
  5 tentacles (D)
7 creatures vanquished.

Grand Total: 36 creatures vanquished

Notes
Turn   | Place    | Note
-------+----------+-------------------------------------------
     0 | D        | Kidiri the Troll Hunter began the quest for the Orb.
     0 | D        | Reached XP level 1. HP: 19/19 MP: 0/0
     2 | D        | Noticed a necrophage
     2 | D        | Noticed a necrophage
     2 | D        | Noticed a necrophage
     2 | D        | Noticed a necrophage
    12 | D        | Killed a necrophage
    12 | D        | Reached skill level 1 in Armour
    12 | D        | Reached skill level 1 in Stealth
    12 | D        | Reached skill level 3 in Unarmed Combat
    12 | D        | Reached XP level 2. HP: 28/31 MP: 1/1
    12 | D        | Reached XP level 3. HP: 33/37 MP: 2/2
    12 | D        | Reached XP level 4. HP: 41/46 MP: 3/3
    13 | D        | Killed a necrophage
    13 | D        | Reached skill level 5 in Unarmed Combat
    13 | D        | Reached XP level 5. HP: 50/55 MP: 4/4
    23 | D        | Killed a necrophage
    23 | D        | Reached skill level 5 in Fighting
    23 | D        | Reached skill level 5 in Throwing
    23 | D        | Reached skill level 5 in Dodging
    28 | D        | Killed a necrophage
    28 | D        | Reached skill level 6 in Unarmed Combat
    28 | D        | Reached XP level 6. HP: 65/65 MP: 5/5
   109 | D        | Killed Menkaure
   169 | D        | Noticed a tyrant leech
   169 | D        | Noticed a tyrant leech
   173 | D        | Noticed a merfolk siren
   183 | D        | Killed a merfolk siren
   183 | D        | Reached skill level 7 in Unarmed Combat
   183 | D        | Reached XP level 7. HP: 55/75 MP: 6/6
   224 | D        | Reached skill level 8 in Unarmed Combat
   260 | D        | Killed a tyrant leech
   260 | D        | Reached XP level 8. HP: 37/86 MP: 7/7
   265 | D        | HP: 5/129 [tyrant leech (11)]
   269 | D        | Killed a tyrant leech
   385 | D        | Noticed an ice statue
   392 | D        | Found Coosych's Jewellery Emporium.
   393 | D        | Found Kautt's Jewellery Emporium.
   393 | D        | Found Musyllo's Antique Armour Shoppe.
   394 | D        | Noticed a blink frog
   395 | D        | Found Iseonk's Magic Scroll Emporium.
   395 | D        | Found Evi Afrum's Distillery.
   398 | D        | Killed a blink frog
   398 | D        | Reached skill level 5 in Armour
   398 | D        | Reached skill level 9 in Unarmed Combat
   406 | D        | Found Sutine's Food Shoppe.
   406 | D        | Found Siorer's Distillery.
   407 | D        | Found Caet's Antique Weapon Emporium.
   407 | D        | Found Caug's Antique Armour Shoppe.
   408 | D        | Found Ofunnied's Book Emporium.
   408 | D        | Found Amezai's General Store.
   409 | D        | Found Jefet's Gadget Shoppe.
   412 | D        | Found Zun Ump's Antique Armour Shoppe.
   412 | D        | Found Zoeppub's Distillery.
   412 | D        | Noticed an oklob plant
   413 | D        | Found Eraleiq's Jewellery Shoppe.
   413 | D        | Found Hazaunad's Book Shoppe.
   415 | D        | Noticed an iron elemental
   419 | D        | Noticed an ice dragon
   460 | D        | Bought a +4 amulet of reflection for 324 gold pieces
   467 | D        | Bought a glowing hat for 154 gold pieces
   476 | D        | Bought a runed robe for 77 gold pieces
   476 | D        | Bought an embroidered cloak for 157 gold pieces
   476 | D        | Bought a runed shield for 157 gold pieces
   502 | D        | Bought a +2 ring of dexterity for 90 gold pieces
   535 | D        | Found a snail-covered altar of Cheibriados.
   536 | D        | Found a shadowy altar of Dithmenos.
   537 | D        | Found a roughly hewn altar of Beogh.
   537 | D        | Found a viscous altar of Jiyva.
   538 | D        | Found a white marble altar of Elyvilon.
   538 | D        | Found an ancient bone altar of Kikubaaqudgha.
   539 | D        | Found a blossoming altar of Fedhas.
   539 | D        | Found a corrupted altar of Lugonu.
   539 | D        | Found a deep blue altar of Sif Muna.
   540 | D        | Found an opulent altar of Gozag.
   540 | D        | Found a burning altar of Makhleb.
   540 | D        | Found a bloodstained altar of Trog.
   541 | D        | Found a sparkling altar of Nemelex Xobeh.
   541 | D        | Found a hide-covered altar of Uskayaw.
   542 | D        | Found a basalt altar of Yredelemnul.
   543 | D        | Found an iron altar of Okawaru.
   543 | D        | Found a radiant altar of Vehumet.
   543 | D        | Found a glowing silver altar of Zin.
   543 | D        | Found a hazy altar of Hepliaklqana.
   543 | D        | Found a sacrificial altar of Ru.
   543 | D        | Found a shimmering altar of Xom.
   543 | D        | Noticed a hornet
   543 | D        | Noticed a polar bear
   544 | D        | Found a stormy altar of Qazlal.
   544 | D        | Found an ornate altar of the Wu Jian Council.
   544 | D        | Found a glowing golden altar of the Shining One.
   544 | D        | Noticed a yaktaur
   552 | D        | Became a worshipper of the Wu Jian Council
   565 | D        | Noticed a polar bear
   569 | D        | Killed a polar bear
   569 | D        | Reached skill level 1 in Shields
   572 | D        | Noticed a polar bear
   576 | D        | Killed a polar bear
   587 | D        | Paralysed by a hornet for 1 turns
   589 | D        | Killed a hornet
   589 | D        | Reached * piety under Wu Jian
   589 | D        | Reached XP level 9. HP: 61/95 MP: 8/8
   597 | D        | Killed a polar bear
   650 | D        | Killed a yaktaur
   650 | D        | Reached skill level 10 in Unarmed Combat
   679 | D        | Noticed a kraken
   819 | D        | Gained mutation: You have a somewhat thin skeletal structure. (Dex +2, Stealth) [potion of mutation]
   819 | D        | Gained mutation: Your movements are slightly less encumbered by armour. (ER -2) [potion of mutation]
   820 | D        | Lost mutation: You have a somewhat thin skeletal structure. (Dex +2, Stealth) [potion of mutation]
   820 | D        | Lost mutation: Your movements are slightly less encumbered by armour. (ER -2) [potion of mutation]
   820 | D        | Gained mutation: You tend to lose your temper in combat. [potion of mutation]
   820 | D        | Gained mutation: You are partially covered in icy blue scales. (AC +2) [potion of mutation]
   820 | D        | Gained mutation: Your movements are slightly less encumbered by armour. (ER -2) [potion of mutation]
   852 | D        | Killed a kraken
   852 | D        | Reached ** piety under Wu Jian
   852 | D        | Reached XP level 10. HP: 42/106 MP: 9/9
   990 | D        | Reached skill level 11 in Unarmed Combat
  1019 | D        | Noticed an orange crystal statue
  1036 | D        | Reached skill level 5 in Stealth
  1088 | D        | Noticed a death drake
  1090 | D        | Noticed a death drake
  1090 | D        | Noticed a crystal guardian
  1104 | D        | Killed a death drake
  1104 | D        | Reached *** piety under Wu Jian
  1342 | D        | Killed a death drake
  1342 | D        | Reached skill level 10 in Fighting
  1342 | D        | Reached skill level 10 in Dodging
  1344 | D        | Slain by a crystal guardian

Vault maps used:
D:        the_violet_keep_of_menkaure

Skill      XL: |  1  2  3  4  5  6  7  8  9 10 |
---------------+-------------------------------+-----
Fighting       | 3 4 5 6 7 8 9 10 | 10.0
Throwing       | 4 5 6 7 8 |  8.6
Armour         | 1 2 3 4 5 6 |  6.8
Dodging        | 3 4 5 6 7 8 9 10 | 10.0
Stealth        | 1 2 3 4 5 |  5.2
Unarmed Combat | 3 5 6 7 8 9 10 11 | 11.5
Shields        | 1 3 4 |  4.3

Action                   |  1- 3 |  4- 6 |  7- 9 | 10-12 || total
-------------------------+-------+-------+-------+-------++-------
Melee: Unarmed           |     8 |    24 |    80 |    39 ||   151
Throw: Large rock        |     2 |     7 |     2 |     3 ||    14
       Throwing net      |       |     1 |     2 |     2 ||     5
  Use: Potion            |       |       |     3 |     2 ||     5
       Scroll            |       |       |    10 |       ||    10
 Stab: Sleeping          |       |     1 |     1 |       ||     2
       Held in net/web   |       |       |     1 |       ||     1
  Eat: Chunk             |       |     1 |     8 |     8 ||    17
Armor: Robe              |     2 |     5 |     8 |     2 ||    17
Dodge: Dodged            |     5 |     9 |    31 |    12 ||    57
Block: Shield            |       |       |    44 |    25 ||    69
